[gd_scene load_steps=2 format=3 uid="uid://dobqc4xhmmwio"]

[ext_resource type="Script" path="res://main.gd" id="1_ivtu6"]

[node name="Scene" type="Panel"]
anchor_right = 1.0
anchor_bottom = 1.0
size_flags_horizontal = 3
size_flags_vertical = 3
script = ExtResource( "1_ivtu6" )

[node name="Align" type="GridContainer" parent="."]
minimum_size = Vector2(400, 0)
anchor_left = 0.5
anchor_top = 0.5
anchor_right = 0.5
anchor_bottom = 0.5
offset_left = -217.5
offset_top = -85.5
offset_right = 217.5
offset_bottom = 85.5
grow_horizontal = 2
grow_vertical = 2
theme_override_constants/h_separation = 10
columns = 2
metadata/_edit_layout_mode = 1

[node name="lblOrganization" type="Label" parent="Align"]
offset_top = 2.0
offset_right = 105.0
offset_bottom = 28.0
text = "Organization:"

[node name="txtOrganization" type="LineEdit" parent="Align"]
offset_left = 115.0
offset_right = 435.0
offset_bottom = 31.0
size_flags_horizontal = 3

[node name="lblProduct" type="Label" parent="Align"]
offset_top = 37.0
offset_right = 105.0
offset_bottom = 63.0
text = "Product:"

[node name="txtProduct" type="LineEdit" parent="Align"]
offset_left = 115.0
offset_top = 35.0
offset_right = 435.0
offset_bottom = 66.0
size_flags_horizontal = 3

[node name="lblCountry" type="Label" parent="Align"]
offset_top = 72.0
offset_right = 105.0
offset_bottom = 98.0
text = "Country:"

[node name="mnuCountry" type="PanelContainer" parent="Align"]
offset_left = 115.0
offset_top = 70.0
offset_right = 435.0
offset_bottom = 101.0

[node name="Button" type="MenuButton" parent="Align/mnuCountry"]
offset_right = 320.0
offset_bottom = 31.0
size_flags_horizontal = 3
text = "US United States"

[node name="lblDate" type="Label" parent="Align"]
offset_top = 107.0
offset_right = 105.0
offset_bottom = 133.0
text = "Start Date:"

[node name="boxDate" type="HBoxContainer" parent="Align"]
offset_left = 115.0
offset_top = 105.0
offset_right = 435.0
offset_bottom = 136.0

[node name="lblYear" type="Label" parent="Align/boxDate"]
offset_top = 2.0
offset_right = 14.0
offset_bottom = 28.0
text = "Y:"

[node name="numYear" type="SpinBox" parent="Align/boxDate"]
offset_left = 18.0
offset_right = 101.0
offset_bottom = 31.0
min_value = 2020.0
max_value = 3020.0
value = 2020.0

[node name="lblMonth" type="Label" parent="Align/boxDate"]
offset_left = 105.0
offset_top = 2.0
offset_right = 125.0
offset_bottom = 28.0
text = "M:
"

[node name="numMonth" type="SpinBox" parent="Align/boxDate"]
offset_left = 129.0
offset_right = 212.0
offset_bottom = 31.0
min_value = 1.0
max_value = 12.0
value = 1.0

[node name="lblDay" type="Label" parent="Align/boxDate"]
offset_left = 216.0
offset_top = 2.0
offset_right = 233.0
offset_bottom = 28.0
text = "D:"

[node name="numDay" type="SpinBox" parent="Align/boxDate"]
offset_left = 237.0
offset_right = 320.0
offset_bottom = 31.0
min_value = 1.0
max_value = 31.0
value = 1.0

[node name="dummy" type="Label" parent="Align"]
offset_top = 144.0
offset_right = 105.0
offset_bottom = 167.0

[node name="alnGenerate" type="HBoxContainer" parent="Align"]
offset_left = 115.0
offset_top = 140.0
offset_right = 435.0
offset_bottom = 171.0
alignment = 2

[node name="Button" type="Button" parent="Align/alnGenerate"]
minimum_size = Vector2(100, 0)
offset_left = 220.0
offset_right = 320.0
offset_bottom = 31.0
text = "Generate"

[connection signal="value_changed" from="Align/boxDate/numMonth" to="." method="_on_month_changed"]
[connection signal="pressed" from="Align/alnGenerate/Button" to="." method="_on_generate_pressed"]
